 Dungeon Crawl Stone Soup version 0.31.0-32-g396128a36d (webtiles) character file.

Game seed: 8182660269950931648

277249 flestrin the Lord of Darkness (level 19, -37/161 HPs)
             Began as a Demonspawn Enchanter on Mar 25, 2024.
             Was the Champion of Kikubaaqudgha.
             Annihilated by a +5 bardiche of holy wrath (42 damage)
             ... on level 2 of the Elven Halls on Mar 29, 2024.
             The game lasted 03:58:15 (60919 turns).

flestrin the Lord of Darkness (DsEn)               Turns: 60919, Time: 03:58:15

Health: -37/161    AC: 13    Str: 14    XL:     19   Next: 60%
Magic:  30/39      EV: 21    Int: 19    God:    Kikubaaqudgha [******]
Gold:   2167       SH:  0    Dex: 18    Spells: 16/50 levels left

rFire   + + +        b - +7 short sword of the Goat {flame, rN+ Int-4 SInv}
rCold   . . .        (no shield)
rNeg    + + .        T - +2 robe {rF+}
rPois   +            Q - +2 helmet {Int+3}
rElec   +            E - scarf {rC+ rF+}
rCorr   +            (gloves unavailable)
SInv    +            m - +1 pair of boots {rampage}
Will    +++..        i - amulet of Olaure Xahi {Acrobat ^Drain rN+ Will++}
Stlth   ++++         I - ring of the Philosopher {Fire ^Drain +Blink rElec}
HPRegen 0.46/turn    h - ring of the Villain {rF+ rCorr Str+6}
MPRegen 0.26/turn

%: acrobat, rampage
@: fugue, studying 2 skills
A: slimy green scales 3, demonic guardian 2, spiny 1, augmentation 1, demonic
touch 3
}: 2/15 runes: serpentine, barnacled
a: Renounce Religion, Evoke Blink, Unearth Wretches, Torment, Brand Weapon With
Pain, Receive Forbidden Knowledge


You were on level 2 of the Elven Halls.
You worshipped Kikubaaqudgha.
Kikubaaqudgha was exalted by your worship.
You visited 7 branches of the dungeon, and saw 33 of its levels.
You also visited: Trove and Volcano.

You collected 4847 gold pieces.
You spent 2680 gold pieces at shops.

Inventory:

Hand Weapons
 b - the +7 short sword of the Goat (weapon) {flame, rN+ Int-4 SInv}
   (You found it on level 3 of the Lair of Beasts)

   Int-4:     It affects your intelligence (-4).
   rN+:       It protects you from negative energy.
   SInv:      It lets you see invisible.
Missiles
 H - 5 throwing nets
Armour
 m - a +1 pair of boots of rampaging (worn)
 E - a scarf of resistance (worn)
 Q - a +2 helmet of intelligence (worn)
 T - a +2 robe of fire resistance (worn)
Jewellery
 a - a ring of see invisible
 h - the ring of the Villain (right hand) {rF+ rCorr Str+6}
   (You bought it in a shop on level 2 of the Orcish Mines)

   [ring of strength]

   Str+6:     It affects your strength (+6).
   rF+:       It protects you from fire.
   rCorr:     It protects you from acid and corrosion.
 i - the amulet of Olaure Xahi (around neck) {Acrobat ^Drain rN+ Will++}
   (You found it on level 10 of the Dungeon)

   [amulet of the acrobat]

   Acrobat:   It increases your evasion while moving and waiting.
   rN+:       It protects you from negative energy.
   Will++:    It greatly increases your willpower.
   ^Drain:    It drains your maximum health when unequipped.
 C - a ring of protection from cold
 I - the ring of the Philosopher (left hand) {Fire ^Drain +Blink rElec}
   (You found it in a treasure trove)

   [ring of fire]

   Fire:      It enhances your fire magic.
   rF+:       It protects you from fire.
   rC-:       It makes you vulnerable to cold.
   rElec:     It insulates you from electricity.
   +Blink:    It lets you blink.
   ^Drain:    It drains your maximum health when unequipped.
 Y - a ring of protection from cold
Wands
 o - a wand of flame (46)
 p - a wand of light (39)
 s - a wand of mindburst (17)
 A - a wand of paralysis (34)
 D - a wand of roots (18)
 F - a wand of digging (14)
 N - a wand of polymorph (12)
Scrolls
 d - 3 scrolls of butterflies
 e - 2 scrolls of teleportation
 l - 4 scrolls of torment
 n - a scroll of amnesia
 t - 2 scrolls of enchant armour
 v - 2 scrolls of fear
 y - 9 scrolls of fog
 G - a scroll of blinking
 K - 8 scrolls of immolation
 L - 4 scrolls of revelation
 M - a scroll of silence
 S - 3 scrolls of poison
 X - 4 scrolls of vulnerability
Potions
 c - 2 potions of invisibility
 f - 4 potions of ambrosia
 g - 5 potions of lignification
 k - 8 potions of haste
 q - 6 potions of curing
 r - 5 potions of attraction
 u - 5 potions of mutation
 x - 3 potions of enlightenment
 z - 7 potions of might
 B - 3 potions of magic
 J - 3 potions of cancellation
 P - 4 potions of brilliance
 U - a potion of resistance
 Z - 2 potions of berserk rage


   Skills:
 + Level 17.3 Fighting
 + Level 11.5 Short Blades
 + Level 14.6 Dodging
 - Level 7.0 Stealth
 + Level 16.0 Spellcasting
 - Level 8.0 Hexes
 + Level 18.5 Necromancy


You had 16 spell levels left.
You knew the following spells:

 Your Spells              Type           Power      Damage    Failure   Level
a - Ensorcelled Hibernat  Hex/Ice        60%        N/A       1%          2
b - Confusing Touch       Hex            45%        N/A       1%          3
c - Tukima's Dance        Hex            45%        N/A       1%          3
d - Animate Dead          Necr           71%        N/A       1%          4
e - Dispel Undead         Necr           71%        3d24      1%          4
f - Anguish               Hex/Necr       30%        N/A       1%          4
g - Fugue of the Fallen   Necr           71%        N/A       0%          3
h - Borgnjor's Vile Clut  Necr/Erth      25%        N/A       2%          5
i - Death Channel         Necr           35%        N/A       1%          6

Your spell library contained the following spells:

 Spells                   Type           Power      Damage    Failure   Level
 Sublimation of Blood     Necr           71%        N/A       0%          2
 Kiss of Death            Conj/Necr      100%       2d13      1%          1
 Cigotuvi's Dreadful Rot  Necr/Alch/Air  76%        N/A       1%          2
 Jinxbite                 Hex            90%        N/A       1%          2
 Sigil of Binding         Hex            45%        N/A       1%          3
 Cause Fear               Hex            22%        N/A       1%          4
 Dazzling Flash           Conj/Hex       60%        N/A       2%          3
 Sandblast                Erth           30%        2d9       4%          1
 Scorch                   Fire           44%        2d6       6%          2
 Dimensional Bullseye     Hex/Tloc       15%        N/A       8%          4
 Call Canine Familiar     Summ           15%        N/A       12%         3
 Ozocubu's Armour         Ice            15%        N/A       12%         3
 Passwall                 Erth           15%        N/A       12%         3
 Stone Arrow              Conj/Erth      30%        3d8       12%         3
 Summon Ice Beast         Ice/Summ       15%        N/A       12%         3
 Swiftness                Air            15%        N/A       12%         3
 Summon Mana Viper        Hex/Summ       30%        N/A       22%         5
 Yara's Violent Unravell  Hex/Alch       15%        3d8       22%         5
 Animate Armour           Summ/Erth      30%        N/A       36%         4
 Brom's Barrelling Bould  Conj/Erth      15%        2d4       36%         4
 Flame Wave               Conj/Fire      22%        2d8       36%         4
 Ignite Poison            Fire/Alch      22%        N/A       36%         4
 Manifold Assault         Tloc           15%        N/A       36%         4
 Olgreb's Toxic Radiance  Alch           15%        N/A       36%         4
 Passage of Golubria      Tloc           15%        N/A       36%         4
 Sticky Flame             Fire/Alch      22%        2d6       36%         4
 Summon Blazeheart Golem  Fire/Summ      22%        N/A       36%         4
 Vhi's Electric Charge    Tloc/Air       30%        N/A       36%         4
 Arcjolt                  Conj/Air       7%         1d17      73%         5
 Fireball                 Conj/Fire      11%        3d7       73%         5
 Irradiate                Conj/Alch      7%         3d14      73%         5
 Summon Cactus Giant      Summ           7%         N/A       99%         6
 Monstrous Menagerie      Summ           7%         N/A       100%        7
 Orb of Destruction       Conj           7%         9d6       100%        7
 Spellforged Servitor     Conj/Summ      7%         N/A       100%        7
 Ignition                 Fire           11%        3d5       100%        8
 Lehudib's Crystal Spear  Conj/Erth      7%         10d3      100%        8
 Maxwell's Capacitive Co  Air            7%         ∞         100%        8
 Summon Horrible Things   Summ           7%         N/A       100%        8
 Dragon's Call            Summ           7%         N/A       100%        9


Dungeon Overview and Level Annotations

Branches:
Dungeon (15/15)            Temple (0/1) D:4            Lair (5/5) D:8
 Shoals (4/4) Lair:2        Snake (4/4) Lair:2        Slime (0/5) Lair:4
    Orc (2/2) D:12            Elf (2/3) Orc:2        Vaults (1/5) D:14
 Depths (0/4) D:15        Volcano (visited)

Altars:
Ashenzari
Cheibriados
Fedhas
Gozag
Kikubaaqudgha
Makhleb
Nemelex Xobeh
Sif Muna
Uskayaw
Vehumet
Wu Jian
Xom
Yredelemnul

Shops:
D:4 *   D:5 *   D:6 *   D:8 =   D:12 *   Orc:2 !=(=   Elf:1 *   Snake:1 ==:

Annotations:
Shoals:4 Bai Suzhen
Snake:4 Nikola
Abyss:1 Sonja


Innate Abilities, Weirdness & Mutations

You are completely covered in slimy green scales. (AC +4, rPois)
A demonic guardian rushes to your aid.
You are partially covered in sharp spines.
Your magical and physical power is slightly enhanced at high health.
Your touch may irresistibly damage your foes and sap their willpower.


Message History

Your spectral deep elf blademaster barely misses the +5 bardiche of holy wrath.
The +5 bardiche of holy wrath hits your spectral deep elf knight!
Your spectral deep elf knight convulses!!
Your spectral deep elf knight hits the +5 bardiche of holy wrath but does no damage.
Your spectral deep elf zephyrmancer hits the +5 bardiche of holy wrath but does no damage.
Your spectral deep elf blademaster hits the +5 bardiche of holy wrath but does no damage.
Your spectral deep elf blademaster closely misses the +5 bardiche of holy wrath.
The wailing of tortured souls fills the air!
The +5 bardiche of holy wrath hits your spectral deep elf knight!!!
Your spectral deep elf knight is destroyed!
Your spectral deep elf zephyrmancer closely misses the +5 bardiche of holy wrath.
Your spectral deep elf blademaster hits the +5 bardiche of holy wrath but does no damage.
Your spectral deep elf blademaster hits the +5 bardiche of holy wrath.
Your unholy channel expires.
Your spectral deep elf blademaster fades into mist!
Your spectral deep elf zephyrmancer fades into mist!
Your spectral deep elf pyromancer fades into mist!
Unknown command.
The wailing of tortured souls fills the air!
The wailing of tortured souls fills the air!
There is a large open door here.
There is an open translucent gate here.
The +5 bardiche of holy wrath attacks as it pursues you!
The +5 bardiche of holy wrath misses you.
The +5 bardiche of holy wrath attacks as it pursues you!
The +5 bardiche of holy wrath completely misses you.
There is an open door here.
Which direction?
You close the door.
The +5 bardiche of holy wrath hits you from afar!!
* * * LOW HITPOINT WARNING * * *
You convulse!
* * * LOW HITPOINT WARNING * * *
You close the door.
You open the door.
The +5 bardiche of holy wrath hits you from afar!!
* * * LOW HITPOINT WARNING * * *
A demonic guardian appears!
You convulse!!!
You die...
Kikubaaqudgha rasps: "You have failed me!
Welcome... death!"

##...## #...## #.. ##.###.##
##...###... ##.## ##Z##
##...#.... ####.#### ##.#
##........ .).)..[.#############
##......).) ####.####..'Z.ZZ.Z..#
#.......... #.# #..#######).#
##......... ####.####..Z..#3.+).#
#..........
Z.)..Z..####..#.@######'.........
####)#Z#Z..Z..#..'(..'.'#..).....
###>#.).Z.#######...'.##..).....
##.#.###...)..#..'...'.+#........
#...?# #####..#..######+.........
#....# #..'..#..'Z.# #..........
#....# #..#######.)# ##.........
#....# #..'..ZZ.Z..# ..........
#....# ############# ##.........


You could see a +5 bardiche of holy wrath (ally target) and a friendly soul
eater (summoned).

Vanquished Creatures
  Boris (Vaults:1)
  Jorgrun (Elf:1)
  A deep elf blademaster (Elf:2)
  Asterion (Snake:3)
  Agnes (D:14)
  A tengu reaver (Vaults:1)
  4 nagarajas
  Donald (Vaults:1)
  Ilsuiw (Shoals:2)
  A frost giant (Vaults:1)
  3 ironbound preservers (Vaults:1)
  Azrael (D:14)
  A deep elf annihilator (Elf:2)
  3 merfolk javelineers
  7 merfolk impalers
  An entropy weaver (shapeshifter) (D:14)
  A yaktaur captain (Vaults:1)
  Josephine (D:13)
  5 vault guards (D:14)
  5 hydras
  A rakshasa (D:15)
  A great orb of eyes (Vaults:1)
  An ice dragon (Lair:5)
  An ironbound frostheart (Vaults:1)
  2 catoblepae
  2 salamander tyrants
  An alligator snapping turtle (Shoals:4)
  3 ogre magi
  7 centaur warriors
  5 anacondas
  3 merfolk aquamancers (Shoals:4)
  10 dancing weapons
  9 naga warriors
  4 boulder beetles
  3 tengu warriors
  Urug (Lair:4)
  9 naga sharpshooters
  5 death yaks
  19 two-headed ogres
  An occultist (D:15)
  A hell knight (Volcano)
  Nergalle (Lair:2)
  8 shock serpents
  8 deep elf knights
  2 salamander mystics
  3 skysharks
  2 skeletal warriors (D:14)
  Lodul (D:14)
  12 deep trolls (Vaults:1)
  7 sea snakes
  2 mana vipers
  Pikel (D:7)
  An arcanist (D:14)
  12 lindwurms (Vaults:1)
  6 harpies
  2 ironbound convokers (Vaults:1)
  2 orc knights (Orc:2)
  4 deep elf archers
  A naga ritualist (Snake:3)
  16 deep elf zephyrmancers
  A necromancer (D:15)
  11 ugly things
  3 fauns
  2 orc sorcerers
  30 deep elf pyromancers
  7 cyclopes
  14 manticores
  7 salamanders
  Maurice (D:6)
  3 merfolk sirens
  A centaur zombie (D:15)
  26 black mambas
  An elephant (Lair:3)
  4 water nymphs
  9 naga magi
  10 guardian serpents
  3 vault sentinels (Vaults:1)
  A molten gargoyle (Volcano)
  6 torpor snails
  A komodo dragon (shapeshifter) (D:14)
  6 cane toads
  Maggie (D:7)
  2 efreet (D:14)
  7 yaktaurs
  A rime drake (Lair:1)
  12 komodo dragons
  A redback zombie (D:15)
  The ghost of FarmingIce the Chopper, an amateur TrBe of Trog (D:4)
  A freezing wraith (D:15)
  A harpy zombie (D:15)
  4 tengu conjurers
  4 trolls
  14 merfolk
  3 tyrant leeches (Lair:5)
  10 wind drakes
  A wolf spider simulacrum (D:15)
  5 hornets
  4 blink frogs (Lair:4)
  9 dream sheep
  A centaur simulacrum (D:14)
  8 snapping turtles
  20 slime creatures
  8 air elementals
  14 water elementals
  8 wraiths
  39 yaks
  A vampire (D:14)
  2 wyverns
  A fire bat (Volcano)
  2 basilisks
  3 humans (D:14)
  4 fire elementals (D:14)
  2 wargs (Orc:1)
  17 vampire mosquitoes
  13 nagas
  2 acid dragons
  10 water moccasins
  3 hell hounds
  An ice beast (D:6)
  5 orc warriors
  2 black bears
  26 ogres
  3 sky beasts
  2 laughing skulls (D:15)
  3 wolves (Lair:2)
  16 centaurs
  A phantom (D:5)
  A lemure (D:7)
  A weeping skull (D:5)
  A kobold brigand (D:7)
  2 gnoll sergeants
  14 bullfrogs
  6 scorpions
  An earth elemental (Elf:1)
  6 wights
  13 killer bees
  3 howler monkeys
  2 electric eels
  A bombardier beetle (D:4)
  A bullfrog zombie (Lair:3)
  7 lava snakes (Volcano)
  6 hounds
  15 orc priests
  A gnoll bouda (D:6)
  2 sleepcaps
  Terence (D:1)
  A boggart zombie (D:15)
  5 iguanas
  14 orc wizards
  4 hell rats (Lair:4)
  12 gnolls
  6 adders
  A river rat (D:6)
  A shadow imp (D:5)
  A white imp (D:4)
  3 ribbon worms
  2 dart slugs
  58 orcs
  3 bats
  7 endoplasms
  5 giant cockroaches
  12 goblins
  4 hobgoblins
  5 jackals
  8 kobolds
  3 quokkas
  7 ball pythons
  6 frilled lizards
  An orc zombie (D:11)
  8 rats
  A spectral orc (D:5)
928 creatures vanquished.

Vanquished Creatures (collateral kills)
  Vashnia (Snake:3)
  2 titans
  Polyphemus (Shoals:2)
  4 nagarajas
  A vault warden (Vaults:1)
  Louise (D:14)
  An ironbound preserver (Vaults:1)
  3 merfolk impalers
  3 merfolk javelineers
  Fannar (D:12)
  2 merfolk aquamancers (Shoals:4)
  2 ogre magi
  A centaur warrior (Shoals:1)
  A catoblepas (Shoals:2)
  An ironbound frostheart (Vaults:1)
  An anaconda (Snake:2)
  2 merfolk avatars
  2 naga warriors
  2 two-headed ogres
  A satyr (Shoals:4)
  4 death yaks
  A shock serpent (Snake:4)
  10 naga sharpshooters
  5 sea snakes
  A deep elf knight (Elf:2)
  3 skysharks
  4 deep trolls (Vaults:1)
  2 mana vipers (Snake:1)
  4 naga ritualists
  4 lindwurms
  4 harpies
  2 deep elf pyromancers
  4 ugly things (D:14)
  A deep elf archer (Elf:2)
  2 cyclopes
  4 manticores
  3 fauns (Shoals:1)
  3 salamanders
  3 elephants (Lair:3)
  2 vault sentinels (Vaults:1)
  9 black mambas
  A molten gargoyle (Volcano)
  A meliai (D:14)
  A merfolk siren (Shoals:4)
  7 naga magi
  2 guardian serpents
  3 cane toads
  3 water nymphs
  6 yaktaurs
  2 komodo dragons
  A rime drake (Lair:2)
  A tengu conjurer (D:13)
  9 merfolk
  3 hornets (Lair:5)
  2 polar bears
  4 wind drakes
  A blink frog (Lair:4)
  5 dream sheep
  A snapping turtle (Shoals:1)
  7 yaks
  A fire bat (Volcano)
  A wraith (D:14)
  5 water elementals
  A human (D:14)
  A warg (Orc:1)
  16 nagas
  2 water moccasins
  2 orc warriors
  4 ogres (Orc:2)
  2 centaurs (D:13)
  A lemure (D:7)
  3 bullfrogs
  2 gnolls (D:10)
  5 orcs
  2 giant cockroaches (D:6)
  2 goblins (D:9)
  A kobold (D:7)
  A rat (D:6)
  3 butterflies (Lair:4)
223 creatures vanquished.

Vanquished Creatures (others)
  A merfolk impaler (Shoals:4)
  A yaktaur captain (Vaults:1)
  2 vault guards (D:14)
  A two-headed ogre (Volcano)
  A naga warrior (Snake:4)
  A naga sharpshooter (Snake:4)
  A deep elf knight (Elf:2)
  A mana viper (Snake:1)
  An anaconda zombie (Snake:4)
  4 deep elf zephyrmancers (Elf:2)
  A wolf spider zombie (D:14)
  A faun (Shoals:4)
  11 ugly thing zombies (D:14)
  A wolf spider (D:14)
  3 salamanders
  A vault sentinel (Vaults:1)
  3 shock serpent zombies (Snake:4)
  A meliai (D:14)
  3 black mambas
  A water nymph (Shoals:4)
  2 guardian serpents (Snake:4)
  A mana viper zombie (Snake:4)
  2 sea snake zombies
  A yaktaur (Vaults:1)
  13 merfolk zombies
  2 harpy zombies
  3 human zombies
  A tyrant leech (Lair:5)
  5 guardian serpent zombies
  4 wind drake zombies (Shoals:4)
  A water elemental (Shoals:4)
  A yak (Lair:5)
  8 black mamba zombies
  A human (D:14)
  A slime creature zombie (Vaults:1)
  A dancing weapon (D:12)
  3 nagas
  12 ogre zombies
  6 deep troll zombies (Vaults:1)
  10 two-headed ogre zombies
  2 acid dragons (D:14)
  2 water nymph zombies (Shoals:4)
  A cane toad zombie (Lair:4)
  A hornet zombie (Lair:5)
  3 orc warriors
  4 lindwurm zombies (Vaults:1)
  2 snapping turtle zombies (Shoals:4)
  16 elf zombies
  3 manticore zombies
  3 torpor snail zombies
  2 komodo dragon zombies
  5 yaktaur zombies (Vaults:1)
  9 salamander zombies
  A cyclops zombie (D:13)
  2 water moccasin zombies
  13 yak zombies
  3 tengu zombies
  2 wolf zombies (Lair:2)
  6 centaur zombies
  A bullfrog zombie (Lair:2)
  An orc priest (D:9)
  A scorpion zombie (D:8)
  3 killer bee zombies (D:8)
  An acid dragon zombie (D:14)
  32 naga zombies
  A howler monkey zombie (D:8)
  2 lava snake zombies (Volcano)
  An orc (D:9)
  7 gnoll zombies
  5 kobold zombies (D:7)
  17 orc zombies
270 creatures vanquished.

Grand Total: 1421 creatures vanquished

Notes
Turn   | Place    | Note
-------+----------+-------------------------------------------
     0 | D:1      | flestrin the Demonspawn Enchanter began the quest for the
                  | Orb.
     0 | D:1      | Reached XP level 1. HP: 13/13 MP: 3/3
    29 | D:1      | Reached skill level 1 in Short Blades
   100 | D:1      | You fall into a shaft and drop 1 floor!
   121 | D:2      | Found an ancient bone altar of Kikubaaqudgha.
   124 | D:2      | Noticed Terence
   225 | D:1      | Gained mutation: You are partially covered in slimy green
                  | scales. (AC +2) [demonic ancestry]
   225 | D:1      | Reached XP level 2. HP: 20/20 MP: 5/5
   372 | D:1      | Reached skill level 1 in Fighting
   386 | D:1      | Found a faded altar of an unknown god.
   626 | D:1      | Learned a level 2 spell: Ensorcelled Hibernation
   984 | D:2      | Became a worshipper of Kikubaaqudgha
  1094 | D:2      | Gained mutation: Your touch may inflict minor irresistible
                  | damage on your foes. [demonic ancestry]
  1094 | D:2      | Reached XP level 3. HP: 26/26 MP: 6/6
  1611 | D:3      | Found a burning altar of Makhleb.
  1611 | D:3      | Noticed a blizzard demon
  1675 | D:3      | Found a shimmering altar of Xom.
  1683 | D:3      | Gained mutation: You are mostly covered in slimy green
                  | scales. (AC +3) [demonic ancestry]
  1683 | D:3      | Reached XP level 4. HP: 33/33 MP: 2/7
  1873 | D:3      | Noticed a scorpion
  1881 | D:3      | Killed a scorpion
  1882 | D:3      | Gained mutation: Your touch may inflict irresistible damage
                  | on your foes. [demonic ancestry]
  1882 | D:3      | Reached XP level 5. HP: 11/38 MP: 1/8
  2145 | D:3      | Reached skill level 1 in Necromancy
  2711 | D:4      | Found a staircase to the Ecumenical Temple.
  2714 | D:4      | Noticed an ogre
  3145 | D:4      | Learned a level 3 spell: Confusing Touch
  3273 | D:4      | Found a transporter.
  3276 | D:4      | Found a transporter.
  3276 | D:4      | Noticed FarmingIce's ghost (amateur TrBe)
  3350 | D:4      | Reached * piety under Kikubaaqudgha
  3350 | D:4      | Received a gift from Kikubaaqudgha
  3460 | D:4      | Found Kipho's Neck Hole.
  3517 | D:4      | Gained mutation: A weak demonic guardian rushes to your
                  | aid. [demonic ancestry]
  3517 | D:4      | Reached XP level 6. HP: 46/46 MP: 10/10
  3730 | D:5      | Entered Level 5 of the Dungeon
  3867 | D:5      | Reached skill level 2 in Necromancy
  3896 | D:5      | Found a broken altar of Ashenzari.
  3947 | D:5      | Got the Compilation of Doom and Calefaction
  3994 | D:5      | Found Fodghynoi's Assorted Antiques.
  4175 | D:5      | Noticed a water moccasin
  4195 | D:5      | Killed a water moccasin
  4196 | D:5      | Reached XP level 7. HP: 25/52 MP: 6/11
  4511 | D:5      | Reached skill level 3 in Necromancy
  4829 | D:5      | Found a basalt altar of Yredelemnul.
  4940 | D:5      | Reached XP level 8. HP: 58/58 MP: 13/13
  5902 | D:6      | Reached ** piety under Kikubaaqudgha
  6036 | D:6      | Reached skill level 5 in Hexes
  6123 | D:6      | Found an opulent altar of Gozag.
  6202 | D:6      | Found Sadoup's Fire Supplies.
  6621 | D:6      | Reached skill level 4 in Necromancy
  7269 | D:7      | Noticed Maggie
  7439 | D:7      | Noticed Maurice
  7445 | D:7      | Maurice stole a ring of protection from fire
  7452 | D:6      | Killed Maurice
  7453 | D:6      | Reached skill level 5 in Stealth
  7453 | D:6      | Gained mutation: You are completely covered in slimy green
                  | scales. (AC +4, rPois) [demonic ancestry]
  7453 | D:6      | Reached XP level 9. HP: 52/66 MP: 14/15
  8282 | D:8      | Learned a level 3 spell: Tukima's Dance
  8287 | D:8      | Learned a level 4 spell: Animate Dead
  8597 | D:8      | Found Toucvo Koth's Jewellery Emporium.
  8613 | D:7      | Reached skill level 5 in Fighting
  8836 | D:7      | Noticed Pikel
  8847 | D:7      | Killed Pikel
  8847 | D:7      | Reached *** piety under Kikubaaqudgha
  8847 | D:7      | Received a gift from Kikubaaqudgha
  8848 | D:7      | Reached skill level 5 in Dodging
  8848 | D:7      | Reached skill level 5 in Spellcasting
  8848 | D:7      | Reached skill level 5 in Necromancy
  9169 | D:7      | Learned a level 4 spell: Dispel Undead
  9380 | D:7      | Reached skill level 5 in Short Blades
  9849 | D:8      | Reached XP level 10. HP: 74/76 MP: 12/17
 10085 | D:8      | Found a staircase to the Lair.
 10213 | D:8      | Bought an amulet of reflection for 450 gold pieces
 10487 | D:8      | Found a snail-covered altar of Cheibriados.
 10495 | D:8      | Found a radiant altar of Vehumet.
 10496 | D:8      | Found a sparkling altar of Nemelex Xobeh.
 10499 | D:8      | Found an ancient bone altar of Kikubaaqudgha.
 10501 | D:8      | Found a blossoming altar of Fedhas.
 10755 | D:9      | Reached skill level 6 in Necromancy
 10834 | D:9      | Noticed a two-headed ogre
 10842 | D:8      | Killed a two-headed ogre
 11243 | D:9      | Reached **** piety under Kikubaaqudgha
 11389 | D:9      | Found a shimmering blue altar of Sif Muna.
 11732 | D:8      | Reached XP level 11. HP: 64/83 MP: 12/20
 12027 | D:9      | Learned a level 4 spell: Anguish
 12405 | D:10     | Entered Level 10 of the Dungeon
 12410 | D:10     | Reached skill level 7 in Necromancy
 13464 | D:10     | Identified the +2 ring mail of Slovenliness {Rampage Regen+
                  | Dex-5 Stlth+}
 13554 | D:10     | Noticed a centaur warrior
 13562 | D:10     | Killed a centaur warrior
 13844 | D:10     | Identified the amulet of Olaure Xahi {Acrobat ^Drain rN+
                  | Will++}
 14019 | D:11     | Noticed a two-headed ogre
 14026 | D:11     | Killed a two-headed ogre
 14364 | D:11     | Identified the +2 pair of gloves "Leyroqavo" {rElec Regen+
                  | rCorr Stlth-}
 14448 | D:11     | Reached skill level 8 in Necromancy
 14615 | D:11     | Identified the +1 cloak "Huuma" {rC+++ Str-3 Int+3}
 15194 | D:11     | Found a portal to a secret trove of treasure.
 15302 | Lair:1   | Entered Level 1 of the Lair of Beasts
 15415 | Lair:1   | Gained mutation: A demonic guardian rushes to your aid.
                  | [demonic ancestry]
 15415 | Lair:1   | Reached XP level 12. HP: 94/94 MP: 12/23
 15544 | Lair:1   | Reached ***** piety under Kikubaaqudgha
 15817 | Lair:1   | Reached skill level 9 in Necromancy
 16080 | Lair:1   | Noticed a seven-headed hydra
 16795 | Lair:2   | Found a gate leading to a gauntlet.
 16816 | Lair:2   | Found a staircase to the Shoals.
 16943 | Lair:2   | Found a staircase to the Snake Pit.
 16953 | Lair:2   | Noticed Nergalle
 16966 | Lair:2   | Killed Nergalle
 17394 | Lair:2   | Learned a level 3 spell: Fugue of the Fallen
 17400 | Lair:2   | Learned a level 5 spell: Borgnjor's Vile Clutch
 17834 | Lair:3   | Reached skill level 10 in Necromancy
 17837 | Lair:3   | Identified the +7 short sword of the Goat {flame, rN+ Int-4
                  | SInv}
 18271 | Lair:3   | Noticed Sonja
 18280 | Lair:3   | Banished Sonja
 18397 | Lair:3   | Got the Treatise on the Entranced Hornet
 18928 | Lair:4   | Reached XP level 13. HP: 103/103 MP: 19/26
 18959 | Lair:4   | Reached skill level 10 in Fighting
 19384 | Lair:4   | Found a staircase to the Slime Pits.
 19435 | Lair:4   | Noticed Urug
 19443 | Lair:4   | Killed Urug
 19806 | Lair:5   | Entered Level 5 of the Lair of Beasts
 20217 | Lair:5   | Found a hide-covered altar of Uskayaw.
 20220 | Lair:5   | Found an ornate altar of the Wu Jian Council.
 20270 | Lair:5   | Reached skill level 11 in Necromancy
 20570 | Lair:5   | Found a dark tunnel.
 20576 | Volcano  | Entered a volcano
 20949 | Volcano  | Found a burning altar of Makhleb.
 21080 | Volcano  | Reached skill level 10 in Spellcasting
 21379 | Lair:5   | Reached skill level 10 in Short Blades
 21391 | Lair:5   | Reached ****** piety under Kikubaaqudgha
 21588 | Lair:5   | Reached XP level 14. HP: 94/113 MP: 15/28
 21999 | Lair:5   | Reached skill level 12 in Necromancy
 23142 | D:1      | Killed Terence
 23251 | D:4      | Killed FarmingIce's ghost
 23636 | D:7      | Killed Maggie
 24356 | D:12     | Noticed Fannar
 24372 | D:12     | Killed Fannar
 24464 | D:12     | Found Plog's Assorted Antiques.
 24488 | D:12     | Found a staircase to the Orcish Mines.
 25425 | D:13     | Noticed Josephine
 25437 | D:13     | Killed Josephine
 25836 | D:13     | Reached skill level 13 in Necromancy
 26314 | D:14     | Reached XP level 15. HP: 114/122 MP: 12/30
 26492 | D:14     | Noticed Agnes
 26532 | D:14     | Killed Agnes
 26815 | D:14     | Noticed Lodul
 26841 | D:14     | Killed Lodul
 26949 | D:14     | Noticed Azrael
 26969 | D:14     | Killed Azrael
 27365 | D:14     | Noticed Louise
 27370 | D:14     | Your ally Lodul died
 27725 | D:14     | Killed Louise
 28124 | D:14     | Identified the +12 plate armour of Ignis's Inspiration
                  | {Str+2}
 28184 | D:14     | Your ally Louise died
 28220 | D:14     | Reached skill level 10 in Dodging
 28526 | D:14     | Reached skill level 14 in Necromancy
 28733 | D:14     | Found a gate to the Vaults.
 29074 | Orc:1    | Entered Level 1 of the Orcish Mines
 29537 | Orc:2    | Entered Level 2 of the Orcish Mines
 30093 | Orc:2    | Found a staircase to the Elven Halls.
 30218 | Orc:2    | Found Ifoijo Niem's Jewellery Boutique.
 30978 | Orc:1    | Gained mutation: You are partially covered in sharp spines.
                  | [demonic ancestry]
 30978 | Orc:1    | Reached XP level 16. HP: 76/131 MP: 10/32
 31319 | Orc:2    | Learned a level 6 spell: Death Channel
 31330 | Orc:2    | Found Fugruzxa's Jewellery Shoppe.
 31330 | Orc:2    | Found Binouro's Distillery.
 31330 | Orc:2    | Found Ziroissa's Antique Weapon Shoppe.
 31337 | Orc:2    | Bought the amulet of Gocza {RegenMP rN+ Str+2 Slay+2
                  | Stlth-} for 890 gold pieces
 31352 | Orc:2    | Bought the ring of the Villain {rF+ rCorr Str+6} for 945
                  | gold pieces
 31362 | Orc:2    | Bought a potion of heal wounds for 75 gold pieces
 31362 | Orc:2    | Bought a potion of heal wounds for 75 gold pieces
 31464 | Elf:1    | Entered Level 1 of the Elven Halls
 31962 | Elf:1    | Found Yfout's Assorted Antiques.
 31970 | Elf:1    | Paralysed by an air elemental for 1 turns
 32422 | Elf:1    | Noticed Jorgrun
 32575 | Elf:1    | Killed Jorgrun
 32675 | Elf:2    | Paralysed by an air elemental for 1 turns
 32798 | Elf:2    | HP: 4/133 [+4 halberd of venom (19)]
 32807 | Elf:2    | HP: 5/133 [deep elf zephyrmancer/bolt of lightning (10)]
 32942 | Elf:1    | Reached skill level 15 in Necromancy
 33728 | D:15     | Entered Level 15 of the Dungeon
 34213 | D:15     | Identified the +6 ring mail of the Lair of Beasts {rF-
                  | Int+5}
 34811 | D:15     | Found a staircase to the Depths.
 35093 | Snake:1  | Entered Level 1 of the Snake Pit
 35770 | Snake:1  | Found Rostresum's Book Emporium.
 35770 | Snake:1  | Found Xajug's Jewellery Shop.
 35771 | Snake:1  | Found Vakaoh's Jewellery Shop.
 36224 | Snake:2  | Found a runed translucent gate.
 36224 | Snake:2  | Found a runed translucent gate.
 36224 | Snake:2  | Found a runed translucent gate.
 37356 | Snake:3  | Noticed Vashnia
 37554 | Snake:3  | Reached XP level 17. HP: 101/140 MP: 26/34
 38034 | Snake:3  | Killed Vashnia
 38736 | Snake:3  | Reached skill level 15 in Fighting
 38736 | Snake:3  | Reached skill level 16 in Necromancy
 39440 | Snake:4  | Entered Level 4 of the Snake Pit
 41024 | D:11     | You paid a toll of a +5 demon trident to enter a treasure
                  | trove
 41025 | Trove    | Entered a treasure trove
 41052 | Trove    | Identified the ring "Useur" {Fire Will+ Int+3 Dex+2}
 41056 | Trove    | Identified the ring of the Philosopher {Fire ^Drain +Blink
                  | rElec}
 41243 | Shoals:1 | Entered Level 1 of the Shoals
 42010 | Snake:1  | Bought a ring of flight for 245 gold pieces
 42119 | Shoals:1 | Identified the +7 broad axe "Ycleumad" {freeze, *Corrode
                  | Int+6 Dex+2}
 43245 | Shoals:2 | Noticed Polyphemus
 43318 | Shoals:2 | Noticed Ilsuiw
 43366 | Shoals:2 | Killed Ilsuiw
 43730 | Shoals:2 | Killed Polyphemus
 45080 | Shoals:4 | Entered Level 4 of the Shoals
 45651 | Shoals:4 | Noticed Bai Suzhen
 45679 | Shoals:4 | Reached skill level 17 in Necromancy
 46438 | Shoals:4 | Gained mutation: Your touch may irresistibly damage your
                  | foes and sap their willpower. [demonic ancestry]
 46438 | Shoals:4 | Reached XP level 18. HP: 82/151 MP: 27/36
 47118 | Shoals:4 | Paralysed by an air elemental for 1 turns
 47171 | Shoals:4 | Paralysed by an air elemental for 1 turns
 48386 | Snake:4  | Reached skill level 15 in Spellcasting
 48713 | Snake:4  | Noticed Asterion
 50203 | Snake:3  | Killed Asterion
 52958 | Snake:4  | Got a serpentine rune of Zot
 53838 | Snake:4  | Identified the +1 pair of gloves of the Arcane {rPois}
 53838 | Snake:4  | Noticed Nikola
 54251 | Vaults:1 | Entered Level 1 of the Vaults
 55332 | Vaults:1 | Identified the +0 robe of Mocryfen {-Cast Str+5}
 55717 | Vaults:1 | Reached skill level 18 in Necromancy
 55719 | Vaults:1 | Gained mutation: Your magical and physical power is
                  | slightly enhanced at high health. [demonic ancestry]
 55719 | Vaults:1 | Reached XP level 19. HP: 42/159 MP: 12/38
 56576 | Vaults:1 | Noticed Donald
 56579 | Vaults:1 | Killed Donald
 56592 | Vaults:1 | Noticed Boris
 56597 | Vaults:1 | Killed Boris
 59287 | Shoals:4 | Got a barnacled rune of Zot
 59295 | Shoals:4 | Got the Incunabulum of Apparitions
 60703 | Elf:2    | Found a runed translucent gate.
 60703 | Elf:2    | Found a runed translucent gate.
 60703 | Elf:2    | Found a runed translucent gate.
 60919 | Elf:2    | HP: 5/161 [+5 bardiche of holy wrath (34)]
 60919 | Elf:2    | Annihilated by a +5 bardiche of holy wrath

Illustrated notes

Levels and vault maps discovered:
D:1:      saegor_arrival_simple_a, layout_loops_ring,
          shapermc_ecumenical_altar_totnotflames, fountainhead, st_stairs_4
D:2:      layout_basic, basic_altar, st_stairs_4, uniq_terence
D:3:      layout_basic, mainiacjoe_overflow_cross_hatched,
          makhleb_altar_promises_db, chequers_serial_rivers_micro_e,
          kennysheep_generic_room_13
D:4:      layout_gridville, minmay_temple_entry_trees, gammafunk_ghost_arena,
          nicolae_shop_sticking_my_neck_out
D:5:      layout_basic, lemuel_doored_altar,
          yredelemnul_forgotten_temple_becter, serial_shops,
          nicolae_square_shop, minmay_between
D:6:      layout_loops_cross, nicolae_gozag_cash_rules_everything_around_me,
          portal_sewer_entry_e, nicolae_shop_fire_sale [nicolae_sub_dead_trees]
D:7:      layout_basic, minivault_24, kennysheep_generic_room_4, uniq_maggie,
          uniq_pikel, uniq_maurice
D:8:      layout_loops_ring, minitemple, due_lair_maze_entry_diamond,
          serial_shops, nicolae_shop_real_fake_doors
D:9:      layout_rooms, mainiacjoe_overflow_24_doors, enter_bailey_5,
          minmay_orc_keep
D:10:     layout_rooms
D:11:     layout_roguey, nicolae_trove_entry_columns
D:12:     layout_basic, minmay_orc_entry_temple_small, serial_shops,
          kennysheep_mini_moat, uniq_fannar
D:13:     layout_basic, elves_outpost_lemuel, uniq_josephine
D:14:     layout_basic, ximxim_vaults_locker_room, minmay_misc_feat_rugged,
          kennysheep_kite_vault, uniq_agnes, uniq_lodul, uniq_azrael,
          uniq_louise
D:15:     grunt_enter_depths_magical_seal, layout_gridville
Lair:1:   layout_regular_city, minivault_23
Lair:2:   layout_gridlike, nicolae_shoals_entry_roost,
          minmay_snake_entry_guardpost_medium, gauntlet_entry_generic,
          serial_bayou_shore_b, uniq_nergalle
Lair:3:   layout_long_grid, chequers_serial_rivers_small_3,
          serial_bayou_shore_a, infiniplex_staircase_pool_2, uniq_sonja
Lair:4:   layout_misc_corridors, slime_entry_1, grunt_forest_large_clearing_hut,
          lemuel_fruit_tree, lemuel_fruit_fields, uniq_urug
Lair:5:   wormcave, layout_misc_corridors, enter_volcano_3,
          nzn_masters_of_martial_movement, infiniplex_staircase_pool,
          lemuel_fruit_fields
Shoals:1: layout_shoals, nicolae_shoals_pincushion_passage
Shoals:2: layout_shoals, abandoned_shop, uniq_polyphemus, uniq_ilsuiw
Shoals:3: layout_shoals, nicolae_shoals_lost_giant_temple
Shoals:4: shoals_end_hellmonk_storm_palace [storm_palace_center_ruins,
          storm_palace_corner_narrow, storm_palace_corner_reverse_hut,
          storm_palace_corner_altar, storm_palace_corner_narrow], serial_shops,
          uniq_bai_suzhen
Snake:1:  cheibrodos_snake_ritualist_ritual, layout_onion, grunt_megastairs_5,
          minmay_shop_grove
Snake:2:  layout_layer_cave, nicolae_snake_horde_hoard
Snake:3:  layout_grid_maze, uniq_vashnia
Snake:4:  snake_hunt, layout_misc_corridors, grunt_ministairs_12, uniq_nikola,
          uniq_asterion, uniq_aizul
Orc:1:    layout_caves
Orc:2:    st_orc_ogre_mass, layout_diamond_mine, mines2_lemuel
Elf:1:    minmay_elf_arrival_circle, layout_loops_cross, serial_shops,
          nicolae_shop_gibbet_a_chance, uniq_jorgrun
Elf:2:    elven_hall_of_blades_hangedman_original [nicolae_blade_little_rooms],
          layout_rooms
Vaults:1: grunt_vaults_funnel, nicolae_vaults_three_branches,
          nicolae_vaults_ellipses_ellipsis, nicolae_vaults_double_plus_1,
          hangedman_vaults_stream, nicolae_vaults_tangram_1, v_pattern_1,
          nicolae_vaults_ring_of_whatevers, v_rooms_4, nicolae_vaults_prndl,
          dpeg_vaults_waves, layout_vaults_ring, uniq_boris, uniq_donald

Skill      XL: |  1  2  3  4  5  6  7  8  9 10 11 12 13 14 15 16 17 18 19 |
---------------+----------------------------------------------------------+-----
Short Blades   | 1 2 3 4 5 6 7 9 10 11 | 11.5
Fighting       | 1 2 3 4 5 6 8 9 11 12 13 14 15 16 17 | 17.3
Dodging        | 2 3 4 5 7 9 10 12 13 14 | 14.6
Stealth        | 3 4 5 7 |  7.0
Necromancy     | 1 2 3 4 5 6 8 10 11 13 14 15 17 18 | 18.5
Hexes          | 4 5 6 7 8 |  8.0
Spellcasting   | 3 4 5 6 7 9 10 11 12 13 14 15 16 | 16.0

Action                     |  1- 3 |  4- 6 |  7- 9 | 10-12 | 13-15 | 16-18 | 19-21 || total
---------------------------+-------+-------+-------+-------+-------+-------+-------++-------
  Melee: Dagger            |   120 |    99 |   229 |   338 |       |       |       ||   786
         Punch             |     1 |       |     3 |     3 |    21 |    18 |     8 ||    54
         Touch             |     6 |    16 |    34 |    63 |   250 |   301 |    69 ||   739
         Short sword       |       |       |     1 |    36 |   954 |  1224 |   278 ||  2493
   Cast: Ensorcelled Hiber |     9 |    17 |   103 |   186 |   159 |   120 |     3 ||   597
         Confusing Touch   |       |     2 |     7 |    16 |    57 |    25 |    11 ||   118
         Animate Dead      |       |       |     4 |    16 |    21 |    34 |     8 ||    83
         Dispel Undead     |       |       |       |    15 |    30 |     8 |     3 ||    56
         Tukima's Dance    |       |       |       |     3 |     5 |     9 |       ||    17
         Anguish           |       |       |       |     9 |    18 |    13 |       ||    40
         Fugue of the Fall |       |       |       |     1 |    13 |    31 |     9 ||    54
         Borgnjor's Vile C |       |       |       |       |    14 |    39 |    16 ||    69
         Death Channel     |       |       |       |       |       |    24 |     9 ||    33
 Invoke: Unearth Wretches  |       |       |       |       |     2 |     7 |     1 ||    10
  Evoke: Wand              |       |       |       |     8 |     2 |    14 |       ||    24
    Use: Potion            |     1 |     1 |     1 |       |     1 |     9 |     1 ||    14
         Scroll            |       |       |     4 |    14 |    10 |    24 |     1 ||    53
   Stab: Sleeping          |    11 |    16 |    50 |    69 |    53 |    54 |     1 ||   254
         Distracted        |     1 |     1 |     1 |    11 |    12 |    27 |     4 ||    57
         Invisible         |       |     1 |     1 |       |     1 |     2 |       ||     5
         Confused          |       |     2 |     3 |     7 |    30 |     6 |     9 ||    57
         Paralysed         |       |       |       |     2 |     1 |    13 |     2 ||    18
 Armour: Robe              |    51 |    68 |   178 |   232 |   475 |   823 |   156 ||  1983
  Dodge: Dodged            |    63 |    60 |   200 |   350 |   843 |  1092 |   232 ||  2840
  Block: Other             |       |       |       |    48 |       |       |       ||    48
